 Dungeon Crawl Stone Soup version 0.23.2-1-ga50397a (webtiles) character file.

Game seed: 17302719477086571365

2251 schauveau the Markscentaur (level 9, 0/67 HPs)
             Began as a Centaur Hunter on May 2, 2019.
             Hit by a tomahawk thrown by an orc warrior (16 damage)
             ... on level 8 of the Dungeon.
             The game lasted 00:11:41 (8971 turns).

schauveau the Markscentaur (Centaur Hunter)         Turns: 8971, Time: 00:11:42

Health: 0/67       AC:  6    Str: 15    XL:     9   Next: 15%
Magic:  9/9        EV:  9    Int: 16    God:
Gold:   597        SH:  0    Dex: 13    Spells: 8/8 levels left

rFire    . . .     SeeInvis .   a - +1 shortbow
rCold    + . .     Gourm    .   (shield currently unavailable)
rNeg     . . .     Faith    .   c - +0 leather armour
rPois    .         Spirit   .   e - +0 helmet
rElec    .         Reflect  .   (no cloak)
rCorr    .         Harm     .   H - +0 pair of gloves
MR       .....                  (no barding)
Stlth    +.........             m - amulet of magic regeneration
HPRegen  0.21/turn              w - ring of protection from cold
MPRegen  0.36/turn              O - +6 ring of intelligence

@: very quick
A: large, hooves 3, deformed body, speed 2, tough skin 3
a: no special abilities


You were on level 8 of the Dungeon.
You were not hungry.

You visited 2 branches of the dungeon, and saw 9 of its levels.

You collected 597 gold pieces.

Inventory:

Hand Weapons
 a - a +1 shortbow (weapon)
 b - a +1 war axe of electrocution
 h - a +0 short sword
 C - a +2 flail of protection
Missiles
 d - 209 arrows (quivered)
 F - 5 tomahawks of dispersal
 K - 2 tomahawks
Armour
 c - a +0 leather armour (worn)
 e - a +0 helmet (worn)
 k - a +0 buckler
 H - a +0 pair of gloves (worn)
Jewellery
 m - an amulet of magic regeneration (around neck)
 w - a ring of protection from cold (left hand)
 z - an uncursed ring of ice
 M - an uncursed ring of flight
 O - a +6 ring of intelligence (right hand)
 P - an uncursed ring of wizardry
 Q - a +2 ring of dexterity {unknown}
Wands
 t - a wand of flame (17)
 x - a wand of random effects (18)
 y - a wand of iceblast (6)
 N - a wand of polymorph (9)
Scrolls
 g - 12 scrolls of remove curse {unknown}
 l - 2 scrolls of amnesia {unknown}
 o - 4 scrolls of teleportation {unknown}
 q - 4 scrolls of enchant weapon {unknown}
 r - 3 scrolls of identify {unknown}
 s - 3 scrolls of fear {unknown}
 u - 2 scrolls of immolation {unknown}
 v - a scroll of brand weapon {unknown}
 E - a scroll of enchant armour {unknown}
 I - a scroll of random uselessness {unknown}
 J - 2 scrolls of noise {unknown}
Potions
 i - a potion of curing
 j - 2 potions of brilliance {unknown}
 n - 3 potions of degeneration {unknown}
 p - 2 potions of heal wounds {unknown}
 A - a potion of haste {unknown}
 B - a potion of ambrosia {unknown}
 D - a potion of flight {unknown}
 G - a potion of lignification {unknown}
 L - a potion of agility {unknown}
Comestibles
 f - 13 rations


   Skills:
 - Level 2.0 Fighting
 * Level 15.6 Bows
 - Level 1.3 Dodging
 - Level 0.4 Stealth


You had 8 spell levels left.
You didn't know any spells.
Your spell library contained the following spells:

 Spells                   Type           Power        Failure   Level  Hunger
 Magic Dart               Conj           #...         30%         1    ##.....
 Blink                    Tloc           N/A          43%         2    ###....
 Call Imp                 Summ           #.......     43%         2    ###....
 Searing Ray              Conj           #.....       43%         2    ###....
 Slow                     Hex            #.......     43%         2    ###....
 Conjure Flame            Conj/Fire      #.......     67%         3    ####...
 Dazzling Spray           Conj/Hex       #.....       67%         3    ####...
 Mephitic Cloud           Conj/Pois/Air  #.......     67%         3    ####...
 Force Lance              Conj/Tloc      #.......     97%         4    #####..
 Fulminant Prism          Conj/Hex       #.........   97%         4    #####..
 Iskenderun's Mystic Bla  Conj           #.......     97%         4    #####..


Dungeon Overview and Level Annotations

Branches:
Dungeon (8/15)             Temple (1/1) D:6            Lair (0/6) D:8

Altars:
Ashenzari
Cheibriados
Dithmenos
Elyvilon
Fedhas
Gozag
Hepliaklqana
Kikubaaqudgha
Makhleb
Nemelex Xobeh
Qazlal
Ru
Sif Muna
Trog
Uskayaw
Vehumet
Wu Jian
Yredelemnul
Zin
The Shining One

Annotations:
D:8 3 runed translucent doors, ThereIsNoGod's ghost, novice DrTm


Innate Abilities, Weirdness & Mutations

You have hooves in place of feet.
Armour fits poorly on your strangely shaped body.
You cover ground very quickly.
You have extremely tough skin. (AC +3)


Message History

* * * LOW HITPOINT WARNING * * *
Okay, then.
You feel better. The warg bites you.
* * * LOW HITPOINT WARNING * * *
Found 5 gold pieces.
Found an encrusted plate armour.
All of the chunks of flesh in your inventory have rotted away.
An adder comes into view.
Firing (i - inventory. (/) - cycle)
d - 209 arrows (quivered)
Press: ? - help, Shift-Dir - straight line, p - warg You can't see that place. [the floor.]
Okay, then.
The warg barely misses you.
The orc warrior throws a tomahawk.
The tomahawk hits you but does no damage.
You see here a tomahawk.
The orc warrior throws a tomahawk.
The tomahawk barely misses you.
The orc warrior throws a tomahawk.
The tomahawk hits you!
You die...

..## #......########
..# #..##..S.......
### #..##.######### #
###...h.### #
#.........## #
#........S(.##
####.(......o....##
..........o....h..##.#
.............P..@....#
..#%#..P...(....####.#
#...##.........## #
..#.####(....###
...o.((.##.##
....#.####.####
...............#
....##.#######.#
....##.# #.#


You could see 2 wargs, an orc warrior, an adder and an orc.

Vanquished Creatures
  A hippogriff (D:7)
  Sigmund (D:5)
  An ice beast (D:8)
  An orc warrior (D:7)
  A phantom (D:4)
  3 ogres
  5 centaurs
  2 bullfrogs
  A scorpion (D:6)
  2 crimson imps
  A howler monkey (D:5)
  A quasit (D:8)
  3 hounds
  A bullfrog zombie (D:5)
  2 orc priests
  2 orc wizards
  Jessica (D:2)
  A centaur skeleton (D:4)
  Natasha (D:2)
  4 worker ants
  A hound skeleton (D:5)
  A howler monkey zombie (D:6)
  11 gnolls
  A shadow imp (D:8)
  An ooze (D:1)
  An adder zombie (D:7)
  An adder skeleton (D:6)
  2 worms
  6 dart slugs
  6 leopard geckos
  14 orcs
  2 ball pythons
  14 bats
  A giant cockroach (D:7)
  7 hobgoblins
  9 jackals
  6 kobolds
  5 quokkas
  7 goblins
  3 goblin skeletons (D:8)
  2 hobgoblin zombies (D:8)
  A jackal zombie (D:7)
  A kobold skeleton (D:8)
  2 kobold zombies (D:8)
  3 orc skeletons (D:8)
  4 rats
  2 fungi (D:8)
  A plant (D:2)
150 creatures vanquished.

Vanquished Creatures (others)
  5 toadstools (D:8)
5 creatures vanquished.

Grand Total: 155 creatures vanquished

Notes
Turn   | Place    | Note
-------+----------+-------------------------------------------
     0 | D:1      | schauveau the Centaur Hunter began the quest for the Orb.
     0 | D:1      | Reached XP level 1. HP: 17/17 MP: 1/1
    55 | D:1      | Reached skill level 6 in Bows
    55 | D:1      | Reached XP level 2. HP: 8/24 MP: 2/2
   602 | D:3      | Reached skill level 7 in Bows
   602 | D:3      | Reached XP level 3. HP: 9/29 MP: 3/3
  1043 | D:4      | Noticed a phantom
  1467 | D:4      | Killed a phantom
  1467 | D:4      | Reached skill level 8 in Bows
  1467 | D:4      | Reached XP level 4. HP: 13/36 MP: 4/4
  1467 | D:4      | Reached XP level 5. HP: 15/41 MP: 5/5
  1804 | D:4      | Reached skill level 9 in Bows
  2507 | D:5      | Entered Level 5 of the Dungeon
  2562 | D:5      | Noticed Sigmund
  2574 | D:5      | Killed Sigmund
  2574 | D:5      | Reached skill level 10 in Bows
  2574 | D:5      | Reached XP level 6. HP: 46/48 MP: 6/6
  2812 | D:5      | Reached skill level 11 in Bows
  2812 | D:5      | Reached XP level 7. HP: 55/55 MP: 7/7
  3028 | D:5      | Found a white marble altar of Elyvilon.
  3031 | D:5      | Found an ornate altar of the Wu Jian Council.
  3036 | D:5      | Found a burning altar of Makhleb.
  3518 | D:6      | Reached skill level 12 in Bows
  4040 | D:6      | Reached XP level 8. HP: 61/61 MP: 8/8
  4070 | D:6      | Found a staircase to the Ecumenical Temple.
  4093 | D:6      | Reached skill level 13 in Bows
  4104 | Temple   | Entered the Ecumenical Temple
  4935 | D:2      | Noticed Natasha
  4939 | D:2      | Killed Natasha
  5031 | D:2      | Found a sacrificial altar of Ru.
  5164 | D:2      | Noticed Jessica
  5167 | D:2      | Killed Jessica
  7673 | D:7      | Reached skill level 14 in Bows
  7872 | D:7      | Noticed a hippogriff
  7880 | D:7      | Killed a hippogriff
  8077 | D:7      | Reached skill level 15 in Bows
  8269 | D:8      | Found a glowing golden altar of the Shining One.
  8289 | D:8      | Reached XP level 9. HP: 63/67 MP: 9/9
  8316 | D:8      | Found a runed translucent gate.
  8316 | D:8      | Found a runed translucent gate.
  8848 | D:8      | Found a runed translucent gate.
  8881 | D:8      | Noticed ThereIsNoGod's ghost (novice DrTm)
  8916 | D:8      | Found a staircase to the Lair.
  8971 | D:8      | Hit by a tomahawk thrown by an orc warrior

Skill      XL: |  1  2  3  4  5  6  7  8 |
---------------+-------------------------+-----
Bows           | 6 7 8 10 11 12 15 | 15.6
Fighting       | |  2.0
Dodging        | |  1.3
Stealth        | |  0.4

Action                   |  1- 3 |  4- 6 |  7- 9 || total
-------------------------+-------+-------+-------++-------
Melee: Short sword       |    49 |       |       ||    49
       Kick              |    10 |       |    17 ||    27
       Flail             |    23 |       |    25 ||    48
       War axe           |       |       |    68 ||    68
 Fire: Shortbow          |    24 |    85 |   319 ||   428
  Use: Potion            |     2 |       |     1 ||     3
  Eat: Ration            |     1 |       |     4 ||     5
       Chunk             |       |       |     3 ||     3
Armor: Leather armour    |    58 |     2 |    59 ||   119
Dodge: Dodged            |    58 |     9 |    64 ||   131
